 Dungeon Crawl Stone Soup version 0.29-a0-870-g2c972031a6 (webtiles) character file.

Game seed: 2753044571418805473

1331 jimonade the Trooper (level 8, -9/88 HPs)
             Began as an Ogre Gladiator on July 18, 2022.
             Killed from afar by Maggie (14 damage)
             ... with a bolt of fire
             ... on level 6 of the Dungeon.
             The game lasted 00:11:20 (6100 turns).

jimonade the Trooper (Ogre Gladiator)               Turns: 6100, Time: 00:11:22

Health: -9/88      AC:  5    Str: 19    XL:     8   Next: 60%
Magic:  0/23       EV: 11    Int: 11    God:
Gold:   159        SH:  0    Dex: 15    Spells: 16/16 levels left

rFire   . . .      SeeInvis .   d - +5 scythe (vorpal)
rCold   . . .      Faith    .   (shield currently unavailable)
rNeg    + . .      Spirit   +   A - +2 robe of the Gnashing Gods {Dex+5}
rPois   .          Reflect  .   c - +0 hat
rElec   .          Harm     .   (no cloak)
rCorr   .          Rampage  .   (gloves unavailable)
Will    .....                   (boots unavailable)
Stlth   +.........              w - amulet of guardian spirit
HPRegen 0.24/turn               v - ring of positive energy
MPRegen 0.18/turn               K - ring of magical power

@: mesmerised
A: large, unfitting armour, tough skin 1
a: no special abilities


You were on level 6 of the Dungeon.
You visited 1 branch of the dungeon, and saw 6 of its levels.

You collected 159 gold pieces.

Inventory:

Hand Weapons
 a - a +0 quarterstaff
 d - a +5 vorpal scythe (weapon)
 B - a +0 scimitar
 F - a +2 dagger of protection
Missiles
 e - a large rock
 h - 7 poisoned darts
 p - 27 stones
 y - 4 boomerangs (quivered)
 C - 3 atropa-tipped darts
 G - 3 datura-tipped darts
Armour
 c - a +0 hat (worn)
 x - a +1 robe of positive energy
 A - the +2 robe of the Gnashing Gods (worn) {Dex+5}
   (You found it on level 3 of the Dungeon)

   Dex:       It affects your dexterity (+5).
Magical Staves
 z - a staff of poison
Jewellery
 n - an amulet of magic regeneration
 v - a ring of positive energy (left hand)
 w - an amulet of guardian spirit (around neck)
 J - an amulet of reflection
 K - a ring of magical power (right hand)
Wands
 D - a wand of flame (30)
Scrolls
 f - a scroll of enchant weapon {unknown}
 j - 5 scrolls of identify {unknown}
 l - 2 scrolls of teleportation {unknown}
 m - a scroll of vulnerability {unknown}
 o - a scroll of magic mapping {unknown}
 r - a scroll of enchant armour {unknown}
 u - 2 scrolls of summoning {unknown}
 E - a scroll of poison {unknown}
 L - a scroll of immolation {unknown}
Potions
 b - a potion of flight {unknown}
 g - 2 potions of haste {unknown}
 i - 2 potions of lignification {unknown}
 k - 3 potions of berserk rage {unknown}
 q - 2 potions of curing {unknown}
 s - 3 potions of might {unknown}
 t - 3 potions of heal wounds
 H - a potion of attraction {unknown}
 I - a potion of resistance {unknown}


   Skills:
 * Level 7.7 Fighting
 + Level 4.7(5.7) Polearms
 - Level 4.7(5.7) Staves
 - Level 2.0 Throwing
 + Level 3.9 Dodging
 * Level 4.5 Spellcasting
 * Level 1.6 Evocations


You had 16 spell levels left.
You didn't know any spells.
Your spell library contained the following spells:

 Spells                   Type           Power      Damage    Failure   Level
 Static Discharge         Conj/Air       2%         3-4/arc   34%         2
 Dispel Undead            Necr           2%         3d7       92%         4
 Sticky Flame             Conj/Fire      2%         2d3       92%         4


Dungeon Overview and Level Annotations

Branches:
Dungeon (6/15)
 Temple: D:4-7

Altars:

Annotations:
D:6 Maggie


Innate Abilities, Weirdness & Mutations

You are too large for most types of armour.
You have tough skin. (AC +1)


Message History

Maggie is lightly wounded.
Maggie closely misses you.
Maggie says, "Have you seen any dragons?"
Maggie barely misses you.
You hit Maggie but do no damage.
Maggie is lightly wounded.
Maggie completely misses you.
You hit Maggie.
Maggie is moderately wounded.
Maggie hits you with a +2 vorpal morningstar!
You closely miss Maggie.
Maggie is moderately wounded.
Maggie barely misses you.
You hit Maggie.
Maggie is moderately wounded.
Maggie points at you and mumbles some strange words.
The bolt of fire hits you!!
* * * LOW HITPOINT WARNING * * *
Maggie gives herself a magical halo, but it quickly sputters out.
Maggie hits you with a +2 vorpal morningstar!
* * * LOW HITPOINT WARNING * * *
x2 You slice Maggie!!
Maggie is heavily wounded.
Maggie hits you with a +2 vorpal morningstar!
* * * LOW HITPOINT WARNING * * *
x2 Unknown command.
You slash Maggie!
Maggie is severely wounded.
Maggie hits you with a +2 vorpal morningstar!
* * * LOW HITPOINT WARNING * * *
x2 You hit Maggie.
Maggie is severely wounded.
Maggie drinks a potion.
Maggie is healed!
You slash Maggie!
Maggie is severely wounded.
Maggie misses you.
Maggie says, "Fear not.
I will immortalize you in the tale of my first kill."
Maggie points at you and mumbles some strange words.
The bolt of fire hits you!
You die...

### ### #.# #.#
#.# #.# ..# #.#
..# #.# ###
########@# #
#######......#@#
###............'.#
<##............#.#
###............#.#
)...........####..
##..........# ###.
.#...######.# #.
..#### ###.######
.. .## #..)))...#
..


You could see Maggie (mesmerising).

Vanquished Creatures
  Grinder (D:3)
  Sigmund (D:3)
  2 black bears
  An ogre (D:4)
  2 scorpions (D:5)
  A gnoll bouda (D:5)
  2 hounds
  An orc priest (D:3)
  Terence (D:3)
  3 iguanas
  3 orc wizards (D:6)
  Robin (D:4)
  9 gnolls (D:5)
  5 adders
  2 shadow imps
  An ufetubus (D:6)
  3 worms
  14 orcs
  6 endoplasms
  A giant cockroach (D:3)
  18 goblins
  11 hobgoblins
  12 jackals
  4 kobolds
  4 quokkas
  4 ball pythons
  3 bats (D:1)
  6 frilled lizards
  10 rats
132 creatures vanquished.

Vanquished Creatures (others)
  5 demonic plants (D:1)
  8 fungi (D:1)
  8 plants (D:1)
  4 withered plants (D:1)
25 creatures vanquished.

Grand Total: 157 creatures vanquished

Notes
Turn   | Place    | Note
-------+----------+-------------------------------------------
     0 | D:1      | jimonade the Ogre Gladiator began the quest for the Orb.
     0 | D:1      | Reached XP level 1. HP: 22/22 MP: 1/1
   207 | D:1      | Reached XP level 2. HP: 15/29 MP: 2/2
   506 | D:1      | Reached skill level 3 in Fighting
   529 | D:1      | Found a faded altar of an unknown god.
   849 | D:1      | Reached skill level 1 in Spellcasting
   850 | D:1      | Reached XP level 3. HP: 32/37 MP: 4/4
  2460 | D:3      | Reached XP level 4. HP: 44/46 MP: 6/6
  2574 | D:3      | Noticed Terence
  2590 | D:3      | Killed Terence
  2607 | D:3      | Noticed Sigmund
  2644 | D:3      | Killed Sigmund
  2645 | D:3      | Reached skill level 4 in Fighting
  2645 | D:3      | Reached XP level 5. HP: 4/55 MP: 0/8
  2645 | D:3      | Reached XP level 6. HP: 4/65 MP: 0/9
  2997 | D:3      | Reached skill level 5 in Fighting
  3118 | D:3      | Identified the +2 robe of the Gnashing Gods {Dex+5}
  3328 | D:3      | Noticed Grinder
  3335 | D:3      | Killed Grinder
  3336 | D:3      | Reached skill level 6 in Fighting
  3336 | D:3      | Reached skill level 1 in Polearms
  3336 | D:3      | Reached XP level 7. HP: 75/75 MP: 9/11
  3995 | D:4      | Noticed Robin
  4017 | D:4      | Killed Robin
  4696 | D:5      | Entered Level 5 of the Dungeon
  4861 | D:5      | Reached XP level 8. HP: 84/84 MP: 13/13
  5037 | D:5      | Reached skill level 7 in Fighting
  5137 | D:5      | Reached skill level 1 in Evocations
  6085 | D:6      | Noticed Maggie
  6098 | D:6      | HP: 4/88 [Maggie/+2 vorpal morningstar (2)]
  6100 | D:6      | Killed from afar by Maggie

Illustrated notes

Levels and vault maps discovered:
D:1:      shiori_arrival_elements, layout_loops_ring,
          shapermc_ecumenical_altar_gd
D:2:      layout_loops_ring
D:3:      layout_basic, chequers_arboretum, minmay_goblin_kobold_house,
          uniq_grinder, uniq_terence, uniq_sigmund
D:4:      layout_basic, serial_curves, eino_curves_01, eino_curves_04,
          corexii_item_surrounded_by_moat, uniq_robin
D:5:      layout_loops_ring, st_stairs_13
D:6:      layout_basic, nicolae_overflow_hidden_temple,
          minmay_temple_entry_enclosed_plants, dk_noncrumbling_3,
          minmay_misc_feat_tower, minmay_misc_feat_alley, uniq_maggie

Skill      XL: |  1  2  3  4  5  6  7  8 |
---------------+-------------------------+-----
Fighting       | 3 4 6 7 |  7.7
Dodging        | 3 |  3.9
Spellcasting   | 1 2 3 4 |  4.5
Staves         | 4 |  4.7
Polearms       | 1 3 4 |  4.7
Evocations     | 1 |  1.6
Throwing       | |  2.0

Action                   |  1- 3 |  4- 6 |  7- 9 || total
-------------------------+-------+-------+-------++-------
Melee: Quarterstaff      |   111 |    20 |       ||   131
       Halberd           |       |    24 |   173 ||   197
Throw: Dart              |       |     4 |     2 ||     6
       Throwing net      |       |     3 |       ||     3
       Boomerang         |       |     2 |     4 ||     6
       Large rock        |       |     1 |     1 ||     2
       Stone             |       |       |     3 ||     3
Evoke: Wand              |       |     1 |       ||     1
 Stab: Sleeping          |     1 |       |     1 ||     2
       Held in net/web   |       |     2 |       ||     2
Armor: Robe              |    26 |     4 |    39 ||    69
Dodge: Dodged            |    62 |    20 |    75 ||   157

Table legend: (Time is in decaauts)
 A = Elapsed time spent in this place.
 B = Non-inter-level travel time spent in this place.
 C = Inter-level travel time spent in this place.
 D = Time resting spent in this place.
 E = Time spent auto-exploring this place.
 F = Levels seen in this place.
 G = Mean time per level.
                   A        B        C        D        E       F      G
               +--------+--------+--------+--------+--------+-----+--------+
         Total |   6175 |   5927 |    248 |   1038 |   3755 |   6 | 1029.2 |
       Dungeon |   6175 |   5927 |    248 |   1038 |   3755 |   6 | 1029.2 |
               +--------+--------+--------+--------+--------+-----+--------+

Top non-repeatable levels by time:
     D:2: 1449 daAuts
     D:1: 1333 daAuts
     D:4: 1137 daAuts
     D:5: 1063 daAuts
     D:3: 828 daAuts
     D:6: 364 daAuts
